details: 'hu v Arch-OO orc g g'

« prev index next »

General information

Mini Map

Players

team 1
HumanCpt.Pancakes (blue | 133 APM | 1654 actions | 12:28)
Hero icon 5 Mountain King
Ability icon 3 Storm Bolt
Ability icon 2 Bash

» actions
Assign group hotkey19
Basic commands11
Build / train46
ESC pressed3
Enter build submenu22
Enter hero's abilities submenu5
Give item / drop item5
Right click833
Select / deselect230
Select group hotkey399
Use ability80
1654 total
» units
Peasant11
Footman6
Dragonhawk Rider3
Gryphon Rider3
23 total
» upgrades
Cloud1
1 total
» buildings
Altar of Kings1
Farm8
Barracks1
Scout Tower2
Arcane Tower1
Keep1
Arcane Vault1
Lumber Mill1
Arcane Sanctum1
Castle1
Gryphon Aviary2
Guard Tower2
Blacksmith1
23 total
» build order
00:05 Altar of Kings
00:08 Farm
00:15 Barracks
01:06 Farm
01:50 Scout Tower
02:22 Arcane Tower
02:32 Farm
03:01 Farm
03:33 Keep
03:45 Arcane Vault
04:04 Farm
04:39 Farm
06:17 Lumber Mill
07:02 Arcane Sanctum
07:21 Castle
07:23 Scout Tower
07:29 Gryphon Aviary
07:42 Gryphon Aviary
08:15 Guard Tower
08:48 Guard Tower
10:02 Farm
10:05 Blacksmith
11:20 Farm
» items
Boots of Speed1
Dust of Appearance1
Staff of Teleportation1
Scroll of Regeneration2
Potion of Healing2
Lesser Clarity Potion2
Potion of Mana1
Potion of Lesser Invulnerability1
11 total
team 2
OrcArcH-OO (pink | 95 APM | 1178 actions | 12:26)
Hero icon 2 Blademaster
Ability icon 1 Wind Walk
Ability icon 1 Critical Strike
Hero icon 2 Tauren Chieftain
Ability icon 1 War Stomp
Ability icon 1 Endurance Aura

» actions
Assign group hotkey11
Basic commands79
Build / train40
Enter build submenu11
Enter hero's abilities submenu4
Remove unit from queue1
Right click425
Select / deselect130
Select group hotkey418
Use ability59
1178 total
» units
Peon9
Wind Rider7
Raider1
17 total
» upgrades
Ensnare1
1 total
» buildings
Altar of Storms1
Orc Burrow4
Voodoo Lounge1
Stronghold4
Beastiary2
Fortress1
13 total
» build order
00:08 Altar of Storms
00:19 Orc Burrow
01:05 Voodoo Lounge
02:20 Stronghold
02:20 Stronghold
02:20 Stronghold
02:35 Orc Burrow
02:52 Orc Burrow
03:10 Orc Burrow
04:47 Beastiary
05:02 Beastiary
10:28 Fortress
» items
Healing Salve3
Lesser Clarity Potion3
Scroll of Speed2
Boots of Speed1
Staff of Teleportation1
10 total